 Dungeon Crawl Stone Soup version 0.21.0-3-g78d12a8 (webtiles) character file.

5819 pomescollege the Covert (level 10, 0/53 HPs)
             Began as a Vine Stalker Wanderer on Jan 17, 2018.
             Was an Elder of Dithmenos.
             Slain by an ettin simulacrum (7 damage)
             ... on level 2 of the Abyss on Jan 18, 2018.
             The game lasted 01:05:04 (11051 turns).

pomescollege the Covert (Vine Stalker Wanderer)    Turns: 11051, Time: 01:05:04

Health: 0/53       AC: 10    Str: 17      XL:     10   Next: 80%
Magic:  0/21       EV: 14    Int:  8 (13) God:    Dithmenos [****..]
Gold:   515        SH:  0    Dex: 14      Spells: 19/23 levels left

rFire    . . .     SeeInvis .   o - +3 dagger
rCold    . . .     Gourm    .   (no shield)
rNeg     + . .     Faith    .   d - +1 robe
rPois    .         Spirit   +   i - +2 helmet
rElec    .         Reflect  .   C - +0 cloak
rCorr    .         Harm     .   F - +2 pair of gloves {archery}
MR       +....     Rnd*Rage +   (no boots)
Stlth    +++++++...             t - amulet of magic regeneration
HPRegen  0.57/turn              g - ring of positive energy
MPRegen  0.42/turn              (no ring)

@: flying, wreathed by umbra
A: fangs 3, berserk 2, regeneration 1, magic shield, antimagic bite, no potion
heal 3, rot immunity, sturdy frame 1
a: Shadow Step, Renounce Religion


You were on level 2 of the Abyss.
You worshipped Dithmenos.
Dithmenos was greatly pleased with you.
You were not hungry.

You visited 1 branch of the dungeon, and saw 10 of its levels.
You visited the Abyss 1 time.

You collected 515 gold pieces.

Inventory:

Hand Weapons
 a - a +3 spear
 o - a +3 dagger (weapon)
 s - a +0 hand crossbow
 u - a +0 blowgun
 w - a +3 whip of electrocution
 K - the +0 dagger of Infinite Pain {venom, Str+4}
   (You took it off a centaur on level 8 of the Dungeon)

   It poisons the flesh of those it strikes.
   It affects your strength (+4).
Missiles
 n - 47 bolts
 p - 5 needles of sleeping
 z - a throwing net (quivered)
 L - 24 poisoned needles
Armour
 d - a +1 robe (worn)
 i - a +2 helmet (worn)
 x - the +0 robe of Amelioration {MR++ Regen+ rCorr Dex-4}
   (You found it on level 4 of the Dungeon)

   It affects your dexterity (-4).
   It affects your resistance to hostile enchantments.
   It increases your rate of regeneration.
   It protects you from acid and corrosion.
 C - a +0 cloak (worn)
 D - a +2 chain mail of fire resistance
 F - a +2 pair of gloves of archery (worn)
Magical Staves
 m - an uncursed staff of earth
Jewellery
 g - a ring of positive energy (left hand)
 t - an amulet of magic regeneration (around neck)
Wands
 A - a wand of polymorph (15)
 B - a wand of acid (9)
 H - a wand of iceblast (19)
Scrolls
 h - a scroll of teleportation
 y - 3 scrolls of remove curse
Potions
 e - a potion of invisibility {unknown}
 j - 2 potions of curing
 k - 2 potions of flight
 l - 2 potions of lignification
 q - 3 potions of cancellation
 r - a potion of ambrosia {unknown}
 v - 2 potions of brilliance
 E - a potion of haste {unknown}
 I - a potion of magic {unknown}
 J - a potion of mutation {unknown}
Books
 b - the Reference Book on Companions

   Spells                             Type                      Level
   a - Summon Small Mammal            Summoning                    1
   b - Summon Guardian Golem          Hexes/Summoning              3
 c - the Guide on Snow

   Spells                             Type                      Level
   a - Freeze                         Ice                          1
   b - Ozocubu's Armour               Charms/Ice                   3
 G - a book of Clouds

   Spells                             Type                      Level
   a - Poisonous Vapours              Poison/Air                   2
   b - Mephitic Cloud                 Conjuration/Poison/Air       3
   c - Conjure Flame                  Conjuration/Fire             3
   d - Freezing Cloud                 Conjuration/Ice/Air          6
   e - Ring of Flames                 Charms/Fire                  7
Comestibles
 f - 12 rations


   Skills:
 - Level 6.4 Fighting
 + Level 5.6 Short Blades
 - Level 0.1 Polearms
 + Level 1.3 Throwing
 + Level 4.0 Dodging
 - Level 11.1 Stealth
 - Level 7.1 Spellcasting
 - Level 4.0 Charms
 - Level 4.0 Ice Magic


You had 19 spell levels left.
You knew the following spells:

 Your Spells              Type           Power        Failure   Level  Hunger
a - Freeze                Ice            #...         4%          1    None
b - Ozocubu's Armour      Chrm/Ice       #.......     12%         3    ###....


Dungeon Overview and Level Annotations

Branches:
Dungeon (10/15)            Temple (0/1) D:5             Orc (0/2) D:9
   Lair: D:8-11

Altars:
Cheibriados
Dithmenos
Elyvilon
Kikubaaqudgha
Makhleb
Nemelex Xobeh
Okawaru
Wu Jian

Annotations:
D:4 Sigmund


Innate Abilities, Weirdness & Mutations

You have razor-sharp teeth.
Your natural rate of healing is unusually fast.
When hurt, damage is shared between your health and your magic reserves.
Your bite disrupts and absorbs the magic of your enemies.
Potions cannot restore your health.
You are immune to rotting.
You often lose your temper in combat.
Your movements are slightly less encumbered by armour. (ER -2)


Message History

The crimson imp blinks!
The crimson imp laughs crazily.
You feel very buoyant.
You fly up into the air.
The crimson imp blinks!
The white imp barely misses you.
The crimson imp hits you but does no damage.
A white imp comes into view.
The crimson imp blinks!
The white imp grinds its teeth.
The white imp gestures at you. The puff of frost hits you!
The white imp misses you. The crimson imp barely misses you.
The crimson imp hits you but does no damage.
The white imp gestures at you. The puff of frost hits you!
The ettin simulacrum hits you!!
You emit a cloud of dark smoke.
The ettin simulacrum freezes you!
* * * LOW HITPOINT WARNING * * *
The ettin simulacrum hits you!
You die...

. ##....#.#..
..≈≈≈≈≈≈≈≈≈...## #
#≈≈≈.....≈≈≈.. .#..
##≈≈.......≈≈...#..
..5≈≈.....≈≈≈.....#
#.≈≈≈≈≈≈≈≈≈....# #
#.....∩......... .
#.≈≈≈§≈§≈≈≈........
#≈≈≈.§@§5≈≈≈.......
#≈≈..§5Z5.≈≈......
#≈≈≈..5..≈≈≈....# #
#.≈≈≈≈55≈≈≈....## #
...##..#....#....
#... .. ..
#...§.(........... .
.
#.#...............§
. # .###
#..#..............§
. ..
##..##...#.....#....


You could see 4 crimson imps, 3 white imps and an ettin simulacrum.

Vanquished Creatures
  Erica (D:9)
  Prince Ribbit (D:9)
  6 yaks
  A hungry ghost (D:7)
  Edmund (D:5)
  An ice beast (D:8)
  A black bear (D:7)
  4 phantoms
  6 orc warriors
  6 centaurs
  A crocodile (D:8)
  3 bullfrogs
  4 scorpions
  4 wights (D:6)
  6 howler monkeys
  3 crimson imps
  7 hounds
  A centaur zombie (D:7)
  9 orc wizards
  5 orc priests
  A jelly (D:7)
  2 iguanas
  6 worker ants
  A hound zombie (D:6)
  8 gnolls
  A howler monkey skeleton (D:4)
  11 adders
  A shadow imp (D:6)
  An ufetubus (Abyss:1)
  An ooze (D:3)
  An adder zombie (D:5)
  5 worms
  5 dart slugs
  5 leopard geckos
  47 orcs
  3 giant cockroaches
  7 goblins
  6 hobgoblins
  14 jackals
  9 kobolds
  3 quokkas
  A ball python (D:3)
  9 bats
  2 frilled lizards (D:1)
  A jackal skeleton (D:4)
  A leopard gecko skeleton (D:6)
  A leopard gecko zombie (D:5)
  A quokka skeleton (D:4)
  9 rats
234 creatures vanquished.

Notes
Turn   | Place    | Note
-------+----------+-------------------------------------------
     0 | D:1      | pomescollege the Vine Stalker Wanderer began the quest for the Orb.
     0 | D:1      | pomescollege set off with: a +2 spear, the Reference Book on Companions, the Guide on Snow, a +0 robe, a +0 dagger, a ration
     0 | D:1      | Reached XP level 1. HP: 11/11 MP: 3/3
     0 | D:1      | Identified the Reference Book on Companions
     0 | D:1      | Identified the Guide on Snow
     2 | D:1      | Learned a level 1 spell: Freeze
   187 | D:1      | Reached XP level 2. HP: 10/15 MP: 4/4
   188 | D:1      | Reached skill level 3 in Stealth
   528 | D:1      | Reached XP level 3. HP: 18/18 MP: 5/5
   910 | D:2      | Reached skill level 4 in Stealth
  1322 | D:2      | Gained mutation: Your natural rate of healing is unusually fast. [Vine Stalker growth]
  1322 | D:2      | Reached XP level 4. HP: 21/23 MP: 6/6
  2067 | D:3      | Reached skill level 5 in Stealth
  2102 | D:3      | Found a sparkling altar of Nemelex Xobeh.
  2147 | D:3      | Noticed a phantom
  2225 | D:3      | Reached XP level 5. HP: 8/28 MP: 4/7
  2284 | D:3      | Learned a level 3 spell: Ozocubu's Armour
  2794 | D:3      | Killed a phantom
  2794 | D:3      | Reached skill level 6 in Stealth
  2794 | D:3      | Reached XP level 6. HP: 32/32 MP: 8/8
  2975 | D:4      | Reached skill level 7 in Stealth
  3111 | D:4      | Reached XP level 7. HP: 37/37 MP: 9/9
  3164 | D:4      | Found a shadowy altar of Dithmenos.
  3210 | D:4      | Found a burning altar of Makhleb.
  3210 | D:4      | Found an iron altar of Okawaru.
  3211 | D:4      | Found a snail-covered altar of Cheibriados.
  3211 | D:4      | Found an ornate altar of the Wu Jian Council.
  3211 | D:4      | Found an ancient bone altar of Kikubaaqudgha.
  3226 | D:4      | Became a worshipper of Dithmenos the Shadowed
  3244 | D:4      | Reached skill level 8 in Stealth
  3314 | D:4      | Noticed Sigmund
  3468 | D:4      | Got an ichor-stained robe
  3469 | D:4      | Identified the +0 robe of Amelioration {MR++ Regen+ rCorr Dex-4} (You found it on level 4 of the Dungeon)
  3603 | D:5      | Entered Level 5 of the Dungeon
  4116 | D:5      | Reached skill level 9 in Stealth
  4127 | D:5      | Noticed Edmund
  4151 | D:5      | Killed Edmund
  4360 | D:5      | Found a staircase to the Ecumenical Temple.
  4383 | D:5      | Gained mutation: You have razor-sharp teeth. [Vine Stalker growth]
  4383 | D:5      | Reached XP level 8. HP: 42/42 MP: 10/10
  4531 | D:5      | Reached skill level 5 in Fighting
  4537 | D:5      | Reached skill level 1 in Short Blades
  4537 | D:5      | Reached skill level 1 in Charms
  4726 | D:6      | Reached * piety under Dithmenos
  4877 | D:6      | Reached skill level 10 in Stealth
  5534 | D:7      | Reached XP level 9. HP: 47/48 MP: 9/11
  5632 | D:6      | Reached ** piety under Dithmenos
  5880 | D:7      | HP: 1/48 [orc warrior/broad axe (6)]
  6502 | D:7      | Reached skill level 11 in Stealth
  7544 | D:8      | Reached *** piety under Dithmenos
  7595 | D:8      | Found a white marble altar of Elyvilon.
  7617 | D:8      | Reached skill level 5 in Spellcasting
  8162 | D:9      | Noticed Erica
  8341 | D:9      | Killed Erica
  8341 | D:9      | Reached XP level 10. HP: 45/53 MP: 14/21
  8711 | D:9      | Noticed Prince Ribbit
  8735 | D:8      | Got a blackened dagger {venom}
  8736 | D:8      | Identified the cursed +0 dagger of Infinite Pain {venom, Str+4} (You took it off a centaur on level 8 of the Dungeon)
  9155 | D:9      | Killed Prince Ribbit
  9272 | D:9      | Reached skill level 5 in Short Blades
  9942 | D:10     | Entered Level 10 of the Dungeon
 10128 | D:9      | Found a staircase to the Orcish Mines.
 10137 | D:9      | Reached skill level 1 in Throwing
 10195 | D:9      | Reached **** piety under Dithmenos
 10489 | D:9      | Cast into level 1 of the Abyss (orc warrior)
 10518 | Abyss:1  | Noticed a glowing orange brain
 10571 | Abyss:1  | Found a corrupted altar of Lugonu.
 10603 | Abyss:1  | Noticed a spatial maelstrom
 10613 | Abyss:1  | Gained mutation: You tend to lose your temper in combat. [a neqoxec]
 10635 | Abyss:1  | Noticed a soul eater
 10667 | Abyss:1  | Gained mutation: You often lose your temper in combat. [a neqoxec]
 10669 | Abyss:1  | Gained mutation: Your movements are slightly less encumbered by armour. (ER -2) [a neqoxec]
 10678 | Abyss:1  | Noticed a great orb of eyes
 10681 | Abyss:1  | Noticed a wretched star
 10727 | Abyss:1  | Noticed an orange crystal statue
 10727 | Abyss:1  | Noticed a large abomination
 10729 | Abyss:1  | Noticed a smoke demon
 10771 | Abyss:1  | Noticed a salamander
 10781 | Abyss:1  | Noticed a guardian serpent
 10797 | Abyss:1  | Noticed a spatial maelstrom
 10868 | Abyss:2  | Noticed an apocalypse crab
 10880 | Abyss:2  | Noticed a shadow demon
 10890 | Abyss:2  | Found a corrupted altar of Lugonu.
 10894 | Abyss:2  | Noticed a spatial maelstrom
 10927 | Abyss:2  | Found a corrupted altar of Lugonu.
 10978 | Abyss:2  | Noticed a worldbinder
 10982 | Abyss:2  | Noticed a hellephant
 11051 | Abyss:2  | Slain by an ettin simulacrum

Skill      XL: |  1  2  3  4  5  6  7  8  9 10 |
---------------+-------------------------------+-----
Stealth        | 3 4 5 6 7 9 10 11 | 11.1
Fighting       | 2 3 4 5 6 |  6.4
Short Blades   | 2 4 5 |  5.6
Charms         | 3 4 |  4.0
Spellcasting   | 6 7 |  7.1
Dodging        | 4 |  4.0
Throwing       | 1 |  1.3
Polearms       | |  0.1
Ice Magic      | |  4.0

Action                   |  1- 3 |  4- 6 |  7- 9 | 10-12 || total
-------------------------+-------+-------+-------+-------++-------
Melee: Spear             |   116 |   230 |    54 |    48 ||   448
       Bite              |    16 |    72 |   131 |    63 ||   282
       Dagger            |       |    51 |   199 |   114 ||   364
       Whip              |       |       |   212 |    26 ||   238
       Staff             |       |       |     1 |       ||     1
 Fire: Hand crossbow     |       |       |    30 |       ||    30
Throw: Throwing net      |       |       |     2 |     1 ||     3
 Cast: Freeze            |     4 |       |     1 |       ||     5
  Use: Potion            |     1 |       |       |     2 ||     3
       Scroll            |       |     9 |     9 |     8 ||    26
 Stab: Sleeping          |     7 |     7 |    21 |     1 ||    36
       Held in net/web   |       |       |     1 |       ||     1
       Distracted        |       |       |     1 |     4 ||     5
  Eat: Chunk             |     2 |     6 |    14 |     4 ||    26
       Ration            |       |       |     2 |     2 ||     4
Armor: Robe              |    29 |    52 |   119 |    55 ||   255
       Chain mail        |       |       |     6 |       ||     6
Dodge: Dodged            |    59 |   167 |   304 |   171 ||   701
